 Dungeon Sprint DCSS version 0.17.0-28-g6e173f8 (webtiles) character file.

98 Kidiri the Sneak (level 4, -7/33 HPs)
             Began as a Spriggan Enchanter on Nov 27, 2015.
             Mangled by a water elemental (22 damage)
             ... in the Dungeon (Sprint III: "The Ten Rune Challenge").
             The game lasted 00:02:08 (207 turns).

Kidiri the Sneak (Spriggan Enchanter)                Turns: 207, Time: 00:02:08

Health: -7/33      AC:  7    Str:  9    XL:     4   Next: 44%
Magic:  7/12       EV: 21    Int: 16    God:
Gold:   40         SH:  0    Dex: 16    Spells: 5 memorised, 1 level left

rFire  . . .     SeeInvis +     a - +2 dagger
rCold  . . .     Clarity  .     b - +1 robe
rNeg   . . .     SustAt   .     (shield restricted)
rPois  .         Gourm    .     (helmet restricted)
rElec  .         Spirit   .     (no cloak)
rCorr  .         Warding  .     (gloves unavailable)
rMut   .         NoTele   +     (boots unavailable)
MR     .....                    (no amulet)
Stlth  ..........               (no ring)
                                (no ring)

@: berserking, very quick, not resistant to hostile enchantments, extremely
unstealthy
A: unfitting armour, hooves 1, rough black scales 1, see invisible, herbivore 3,
speed 3, sense surroundings 1, slow metabolism 2
a: no special abilities


You were in the Dungeon.
You were not hungry.

You visited 1 branch You collected 40 gold pieces.

Inventory:

Hand Weapons
 a - a +2 dagger (weapon)
Armour
 b - a +1 robe (worn)
Scrolls
 j - a scroll of blinking
 l - 2 scrolls of torment {unknown}
 m - a scroll of immolation {unknown}
 n - a scroll of magic mapping {unknown}
 s - 2 scrolls of remove curse
Potions
 f - a potion of heal wounds
 g - a potion of haste
 h - 2 potions of magic
 p - 2 potions of cure mutation
 q - 2 potions of flight {unknown}
Books
 c - a book of Maledictions

   Spells                             Type                      Level
   a - Corona                         Hexes                        1
   b - Ensorcelled Hibernation        Hexes/Ice                    2
   c - Confuse                        Hexes                        3
   d - Tukima's Dance                 Hexes                        3
   e - Dazzling Spray                 Conjuration/Hexes            3
Comestibles
 d - 2 bread rations
 o - a royal jelly


   Skills:
 + Level 1.6 Fighting
 * Level 4.0 Short Blades
 + Level 1.5 Armour
 * Level 5.8 Dodging
 * Level 7.4 Stealth
 * Level 5.0 Spellcasting
 + Level 1.0 Conjurations
 + Level 4.7 Hexes
 + Level 1.0 Ice Magic


You had one spell level left.
You knew the following spells:

 Your Spells              Type           Power        Failure   Level  Hunger
a - Corona                Hex            ###....      2%          1    None
b - Ensorcelled Hibernat  Hex/Ice        ##....       10%         2    #......
c - Confuse               Hex            ###.....     10%         3    ###....
d - Tukima's Dance        Hex            ###.....     10%         3    ###....
e - Dazzling Spray        Conj/Hex       ##......     14%         3    ###....


Dungeon Overview and Level Annotations

Branches:
Dungeon (1/1)

Altars:


Innate Abilities, Weirdness & Mutations

You are tiny and cannot use many weapons and most armour.
You have supernaturally acute eyesight.
You are a herbivore.
You cover ground extremely quickly.
You need consume almost no food.
You have large cloven feet.
You are partially covered in rough black scales (AC +4, Dex -1).
You passively map a small area around you.


Message History

Press: ? - help, Shift-Dir - straight line, f/p - water elemental
Aim: a water elemental (moderately damaged)
The spray of energy hits the water elemental.
The water elemental is moderately damaged.
The water elemental hits you!
Ouch! That really hurt!
Drink which item? (? for menu, Esc to quit)
You feel better.
Drink which item? (? for menu, Esc to quit)
A red film seems to cover your vision as you go berserk!
You feel yourself moving faster!
You feel mighty! The water elemental hits you.
The water elemental engulfs you in water!
You barely miss the water elemental.
The water elemental is moderately damaged.
Your lungs strain for air!
With effort, you pull free of the water engulfing you.
You gasp with relief as air once again reaches your lungs.
The water elemental hits you!!
Ouch! That really hurt!
You die...

▓..#..#....♣.♣ ♣.#_ _
▓#'####....♣.♣ ♣.#, *, ,
▓.....#....≈♣♣♣♣♣.###+#+###+*
▓.....#...≈≈.♣....#........
▓....[#..≈≈≈≈..♣..'.⌠......
▓####'#..≈≈≈≈≈≈.♣.#...#### +
▓.....#.≈≈≈≈≈≈....#.⌠.#_
▓.[...#.≈≈≈≈≈..E..#...#_
▓.....#.≈≈≈....@..#+###_ *
▓'#####...........# *,
▓.................# _
▓▓▓▓▓▓▓▓▓▓▓▓▓▓▓▓▓▓▓ * ≈ * **
≈ ≈ * * * *+ *


You could see a water elemental.

Vanquished Creatures
  A scorpion (D)
  Jessica (D)
  A human (D)
  An ooze (D)
  A rat (D)
5 creatures vanquished.

Vanquished Creatures (others)
  A yaktaur (D)
1 creature vanquished.

Grand Total: 6 creatures vanquished

Notes
Turn   | Place    | Note
--------------------------------------------------------------
     0 | D        | Kidiri the Spriggan Enchanter began the quest for the Orb.
     0 | D        | Reached XP level 1. HP: 9/9 MP: 5/5
     7 | D        | Reached skill level 5 in Stealth
    11 | D        | Noticed Jessica
    14 | D        | Killed Jessica
    14 | D        | Reached skill level 1 in Fighting
    14 | D        | Reached skill level 6 in Stealth
    14 | D        | Reached XP level 2. HP: 12/14 MP: 5/7
    14 | D        | Reached XP level 3. HP: 15/18 MP: 6/9
    18 | D        | Learned a level 2 spell: Ensorcelled Hibernation
    22 | D        | Learned a level 3 spell: Confuse
    26 | D        | Learned a level 3 spell: Dazzling Spray
    79 | D        | Reached skill level 1 in Armour
    79 | D        | Reached skill level 5 in Dodging
   142 | D        | Noticed a scorpion
   149 | D        | Killed a scorpion
   149 | D        | Reached skill level 7 in Stealth
   149 | D        | Reached skill level 5 in Spellcasting
   149 | D        | Reached skill level 1 in Conjurations
   149 | D        | Reached skill level 1 in Ice Magic
   149 | D        | Reached XP level 4. HP: 22/22 MP: 10/12
   154 | D        | Learned a level 3 spell: Tukima's Dance
   168 | D        | Gained mutation: You are dopey. (Int -2) [potion of mutation]
   168 | D        | Gained mutation: You have a pair of small antennae on your head. [potion of mutation]
   168 | D        | Gained mutation: Your muscles are strong. (Str +2) [potion of mutation]
   169 | D        | Lost mutation: Your muscles are strong. (Str +2) [potion of cure mutation]
   169 | D        | Lost mutation: You have a pair of small antennae on your head. [potion of cure mutation]
   169 | D        | Lost mutation: You are dopey. (Int -2) [potion of cure mutation]
   170 | D        | Gained mutation: You have large cloven feet. [potion of mutation]
   170 | D        | Gained mutation: You passively map a small area around you. [potion of mutation]
   170 | D        | Gained mutation: You are partially covered in rough black scales (AC +4, Dex -1). [potion of mutation]
   191 | D        | Killed a yaktaur
   194 | D        | Noticed a water elemental
   207 | D        | Mangled by a water elemental

Action                   |  1- 3 |  4- 6 || total
-------------------------+-------+-------++-------
Melee: Dagger            |     5 |     2 ||     7
 Cast: Ensorcelled Hiber |     2 |       ||     2
       Dazzling Spray    |     1 |     2 ||     3
  Use: Potion            |       |     5 ||     5
       Scroll            |       |     1 ||     1
 Stab: Sleeping          |     5 |       ||     5
